 Dungeon Crawl Stone Soup version 0.20.1-1-g8b1a95d66d (webtiles) character file.

26449 Jynx the Basher (level 12, -25/98 HPs)
             Began as a Demonspawn Berserker on Dec 22, 2017.
             Was the Champion of Trog.
             Killed from afar by a fire dragon (53 damage)
             ... with a blast of flame
             ... on level 3 of the Lair of Beasts.
             The game lasted 00:23:46 (13234 turns).

Jynx the Basher (Demonspawn Berserker)             Turns: 13234, Time: 00:23:47

Health: -25/98     AC: 17    Str: 25    XL:     12   Next: 98%
Magic:  0/12       EV: 14    Int: 10    God:    Trog [******]
Gold:   902        SH:  0    Dex: 16    Spells: 11/11 levels left

rFire    . . .     SeeInvis .   D - +8 flail "Ludetz" {crush, Str+5}
rCold    . . .     Gourm    .   (no shield)
rNeg     . . .     Faith    .   k - +0 chain mail
rPois    .         Spirit   +   (helmet unavailable)
rElec    .         Reflect  .   (no cloak)
rCorr    .         Harm     .   y - +1 pair of gloves
MR       .....                  a - +2 pair of boots
Stlth    ..........             o - amulet of regeneration
Regen    0.7/turn               p - +2 ring of intelligence
MPRegen  0.2/turn               (no ring)

@: berserk cooldown, slowed, very slow
A: horns 3, magic shield
a: Berserk, Trog's Hand, Brothers in Arms, Burn Spellbooks, Renounce Religion


You were on level 3 of the Lair of Beasts.
You worshipped Trog.
Trog was exalted by your worship.
You were very hungry.

You visited 2 branches of the dungeon, and saw 15 of its levels.

You collected 902 gold pieces.

Inventory:

Hand Weapons
 D - the +8 flail "Ludetz" (weapon) {crush, Str+5}
   (You found it on level 7 of the Dungeon)

   It inflicts extra damage upon your enemies.
   It affects your strength (+5).
Missiles
 B - 4 needles of sleeping
Armour
 a - a +2 pair of boots (worn)
 k - a +0 chain mail (worn)
 y - a +1 pair of gloves (worn)
 G - a +2 pair of boots
 R - a cursed -1 plate armour
Jewellery
 j - an uncursed amulet of rage {unknown}
 o - an amulet of regeneration (around neck)
 p - a +2 ring of intelligence (left hand)
 K - an uncursed ring of protection from magic {unknown}
 L - an uncursed ring of magical power {unknown}
 O - an uncursed ring of protection from cold {unknown}
 P - an uncursed ring of protection from magic {unknown}
 T - a +3 ring of protection {unknown}
 W - a +4 ring of dexterity {unknown}
 X - an uncursed amulet of harm {unknown}
Wands
 H - a wand of flame (17/48)
 I - a wand of acid (6/15)
 S - a wand of scattershot (1/9)
 U - a wand of polymorph (9/24)
Scrolls
 e - 2 scrolls of blinking
 f - a scroll of fog {unknown}
 i - 3 scrolls of magic mapping {unknown}
 n - 5 scrolls of teleportation
 r - 5 scrolls of remove curse
 t - 4 scrolls of noise {unknown}
 z - 2 scrolls of acquirement {unknown}
 E - 3 scrolls of enchant armour {unknown}
 F - a scroll of fear
 M - 2 scrolls of enchant weapon {unknown}
 N - 4 scrolls of recharging {unknown}
Potions
 b - a potion of resistance {unknown}
 d - 5 potions of heal wounds
 g - 2 potions of berserk rage
 m - 3 potions of mutation
 q - 5 potions of agility
 s - 4 potions of flight {unknown}
 v - 6 potions of curing
 w - 3 potions of brilliance {unknown}
 x - 2 potions of magic {unknown}
 A - 3 potions of lignification {unknown}
 C - 2 potions of might {unknown}
 J - 3 potions of haste {unknown}
 Q - a potion of invisibility {unknown}
Comestibles
 c - 14 bread rations
 h - 4 fruits
 l - 8 meat rations
 u - 8 royal jellies


   Skills:
 + Level 10.5 Fighting
 * Level 12.8 Maces & Flails
 + Level 9.4 Armour
 + Level 9.3 Dodging


You had 11 spell levels left.
You didn't know any spells.

Dungeon Overview and Level Annotations

Branches:
Dungeon (12/15)            Temple (0/1) D:5            Lair (3/6) D:11
 Spider (0/4) Lair:2          Orc (0/2) D:11
  Swamp: Lair:2-4    Shoals: Lair:2-4

Altars:
Ashenzari
Gozag
Hepliaklqana
Nemelex Xobeh
Okawaru
Ru
Sif Muna
Trog
Uskayaw
Yredelemnul
The Shining One

Shops:
D:4 *   D:11 }([}

Annotations:
Lair:2 exclusion: 2 oklob plants


Innate Abilities, Weirdness & Mutations

You have a pair of large horns on your head.
When hurt, damage is shared between your health and your magic reserves.


Message History

The lava snake spits lava at you. The glob of lava hits you!
Found 33 gold pieces.
You are too injured to fight recklessly!
You are too injured to fight recklessly!
You are too injured to fight recklessly!
Unknown command.
You are too injured to fight recklessly!
You are too injured to fight recklessly!
You're still recovering from your berserk rage.
You see here a mace.
The lava snake spits lava at you. The glob of lava hits you!
The fire dragon breathes flames at you. The blast of flame hits you!
* * * LOW HITPOINT WARNING * * *
The fire dragon breathes flames at you. The blast of flame hits you!
Ouch! That really hurt!
You die...

#.#
####........
##.#
#........
#..#
#........
#.##
#........
#.#
#........
##.#
#........
#..# .......
##..##
##..@.##
#......#
##......#
#...)...##
#...)D...#
#≈S§.....#
#§≈≈≈.....#
#§§≈§≈≈..≈#
#≈§F≈≈≈≈≈≈#


You could see a fire dragon and a lava snake.

Vanquished Creatures
  Gastronok (D:8)
  3 hydras
  A two-headed ogre (D:9)
  Pikel (D:4)
  A black mamba (Lair:3)
  A torpor snail (Lair:2)
  2 molten gargoyles (Lair:3)
  5 spiny frogs
  7 komodo dragons
  A rime drake (Lair:3)
  2 trolls
  4 jumping spiders (Lair:2)
  A hornet (D:9)
  8 blink frogs (Lair:1)
  Prince Ribbit (D:5)
  6 hippogriffs
  4 redbacks (Lair:2)
  2 shadows (D:11)
  4 wyverns
  A basilisk (Lair:3)
  A human (D:10)
  4 fire bats (Lair:3)
  4 hogs (D:10)
  15 yaks
  A hungry ghost (D:7)
  Menkaure (D:5)
  A soldier ant (D:11)
  8 water moccasins
  4 orc warriors
  10 porcupines
  A sky beast (D:8)
  3 ice beasts
  A black bear (D:7)
  A slave (D:4)
  A necrophage (D:11)
  7 ogres
  2 centaurs
  5 crocodiles
  2 big kobolds
  13 bullfrogs
  5 scorpions
  13 killer bees
  A howler monkey (D:6)
  3 electric eels (D:6)
  7 crimson imps
  A bullfrog zombie (D:7)
  2 quasits
  3 bullfrog skeletons
  6 orc priests
  A centaur skeleton (D:7)
  2 hounds (D:7)
  A jelly (D:8)
  8 orc wizards
  7 iguanas
  8 worker ants
  A worker ant zombie (D:9)
  A howler monkey zombie (D:5)
  7 adders
  3 gnolls (D:4)
  6 shadow imps
  2 adder skeletons
  4 worms
  3 dart slugs
  8 leopard geckos
  43 orcs
  11 bats
  A giant cockroach (D:1)
  6 goblins
  7 hobgoblins
  17 jackals
  6 quokkas
  4 ball pythons
  7 frilled lizards
  12 kobolds
  A leopard gecko skeleton (D:7)
  A quokka skeleton (D:4)
  10 rats
  2 fungi (D:11)
372 creatures vanquished.

Vanquished Creatures (others)
  Duvessa (D:4)
  2 slaves (D:4)
  Dowan (D:4)
  A kobold (D:8)
  4 plants
9 creatures vanquished.

Grand Total: 381 creatures vanquished

Notes
Turn   | Place    | Note
-------+----------+-------------------------------------------
     0 | D:1      | Jynx the Demonspawn Berserker began the quest for the Orb.
     0 | D:1      | Reached XP level 1. HP: 18/18 MP: 1/1
   413 | D:1      | Reached skill level 3 in Maces & Flails
   415 | D:1      | Gained mutation: You have a pair of small horns on your head. [demonic ancestry]
   415 | D:1      | Reached XP level 2. HP: 9/24 MP: 2/2
   875 | D:1      | Reached ** piety under Trog
   875 | D:1      | Reached XP level 3. HP: 29/29 MP: 3/3
  1660 | D:2      | Gained mutation: You have a pair of horns on your head. [demonic ancestry]
  1660 | D:2      | Reached XP level 4. HP: 31/35 MP: 4/4
  2035 | D:2      | You fall through a shaft!
  2476 | D:3      | Noticed a bullfrog
  2486 | D:3      | Killed a bullfrog
  2486 | D:3      | Reached skill level 4 in Maces & Flails
  2486 | D:3      | Reached XP level 5. HP: 31/42 MP: 5/5
  2718 | D:3      | Reached *** piety under Trog
  3155 | D:4      | Reached XP level 6. HP: 48/48 MP: 6/6
  3268 | D:4      | Found Jisenon's General Store.
  3599 | D:4      | Noticed Pikel
  3599 | D:4      | Noticed a slave
  3599 | D:4      | Noticed a slave
  3600 | D:4      | Noticed a slave
  3600 | D:4      | Noticed a slave
  3609 | D:4      | Killed a slave
  3619 | D:4      | Noticed Dowan
  3622 | D:4      | Killed Pikel
  3622 | D:4      | Reached skill level 5 in Maces & Flails
  3622 | D:4      | Reached XP level 7. HP: 24/55 MP: 7/7
  3623 | D:4      | Noticed Duvessa
  3628 | D:4      | Killed Duvessa
  3688 | D:4      | Killed Dowan
  3819 | D:4      | Reached skill level 6 in Maces & Flails
  3821 | D:4      | Reached skill level 5 in Fighting
  4266 | D:5      | Entered Level 5 of the Dungeon
  4366 | D:5      | Noticed Menkaure
  4369 | D:5      | Noticed Prince Ribbit
  4373 | D:5      | Killed Menkaure
  4373 | D:5      | Reached XP level 8. HP: 38/62 MP: 8/8
  4560 | D:5      | Killed Prince Ribbit
  4601 | D:5      | Found a staircase to the Ecumenical Temple.
  4902 | D:5      | Reached skill level 7 in Maces & Flails
  5107 | D:6      | Noticed a hippogriff
  5122 | D:6      | Killed a hippogriff
  5122 | D:6      | Reached skill level 5 in Armour
  5185 | D:6      | Reached skill level 5 in Dodging
  5185 | D:6      | Reached XP level 9. HP: 63/69 MP: 9/9
  5308 | D:6      | You fall through a shaft for 3 floors!
  5308 | D:9      | Noticed a two-headed ogre
  5383 | D:7      | Found a basalt altar of Yredelemnul.
  5384 | D:7      | Found a hazy altar of Hepliaklqana.
  5385 | D:7      | Found a shattered altar of Ashenzari.
  5385 | D:7      | Found a sacrificial altar of Ru.
  5386 | D:7      | Found a bloodstained altar of Trog.
  5386 | D:7      | Found a deep blue altar of Sif Muna.
  5501 | D:6      | Found an opulent altar of Gozag.
  5907 | D:6      | Found a glowing golden altar of the Shining One.
  6103 | D:7      | Reached skill level 8 in Maces & Flails
  6216 | D:7      | Noticed a hand axe
  6217 | D:7      | Noticed a dagger
  6219 | D:7      | Found a hide-covered altar of Uskayaw.
  6289 | D:7      | Reached **** piety under Trog
  6762 | D:7      | Found an iron altar of Okawaru.
  7014 | D:7      | Got a faintly glowing flail
  7015 | D:7      | Identified the +8 flail "Ludetz" {crush, Str+5} (You found it on level 7 of the Dungeon)
  7050 | D:8      | Noticed Gastronok
  7067 | D:8      | Killed Gastronok
  7067 | D:8      | Reached skill level 9 in Maces & Flails
  7067 | D:8      | Gained mutation: You have a pair of large horns on your head. [demonic ancestry]
  7067 | D:8      | Reached XP level 10. HP: 79/79 MP: 10/10
  7960 | D:9      | Killed a two-headed ogre
  7960 | D:9      | Reached skill level 10 in Maces & Flails
  8259 | D:9      | Found a sparkling altar of Nemelex Xobeh.
  8282 | D:9      | Reached XP level 11. HP: 86/86 MP: 11/11
  8625 | D:10     | Entered Level 10 of the Dungeon
  8669 | D:10     | Reached ***** piety under Trog
  8685 | D:10     | Got a transparent ring mail
  9150 | D:10     | Found an iron altar of Okawaru.
  9454 | D:11     | Found Sobre's Gadget Shoppe.
  9498 | D:11     | Found a staircase to the Orcish Mines.
  9506 | D:11     | Found Onum's Antique Weapon Boutique.
  9522 | D:11     | Found Neizuogh's Armour Shop.
  9676 | D:11     | Found a staircase to the Lair.
  9678 | D:11     | Received a gift from Trog
  9742 | D:11     | Reached skill level 11 in Maces & Flails
  9743 | D:11     | Identified the +1 ring mail of Foolhardiness {rCorr} (You found it on level 10 of the Dungeon)
  9745 | D:11     | Noticed a seven-headed hydra
  9751 | D:11     | Killed a seven-headed hydra
  9784 | D:11     | Found Neliqo's Gadget Boutique.
 10265 | Lair:1   | Entered Level 1 of the Lair of Beasts
 10580 | Lair:1   | Gained mutation: When hurt, damage is shared between your health and your magic reserves. [demonic ancestry]
 10580 | Lair:1   | Reached XP level 12. HP: 76/96 MP: 12/12
 11542 | Lair:1   | Reached ****** piety under Trog
 11573 | Lair:1   | Reached skill level 12 in Maces & Flails
 11603 | Lair:2   | Noticed a four-headed hydra
 11609 | Lair:2   | Killed a four-headed hydra
 11710 | Lair:2   | Noticed a four-headed hydra
 11718 | Lair:2   | Killed a four-headed hydra
 11719 | Lair:2   | Reached skill level 10 in Fighting
 11880 | Lair:2   | Found a hole to the Spider Nest.
 13228 | Lair:3   | Noticed a fire dragon
 13234 | Lair:3   | Killed from afar by a fire dragon

Skill      XL: |  1  2  3  4  5  6  7  8  9 10 11 12 |
---------------+-------------------------------------+-----
Maces & Flails | 3 4 5 6 7 9 10 11 12 | 12.8
Armour         | 2 3 4 5 6 7 8 9 |  9.4
Dodging        | 2 3 5 6 7 8 9 |  9.3
Fighting       | 4 5 6 7 8 9 10 | 10.5

Action                   |  1- 3 |  4- 6 |  7- 9 | 10-12 || total
-------------------------+-------+-------+-------+-------++-------
Melee: Mace              |    95 |   199 |   209 |       ||   503
       Headbutt          |     9 |    35 |    81 |   117 ||   242
       Long sword        |       |       |    76 |       ||    76
       Flail             |       |       |    12 |   509 ||   521
Invok: Berserk           |     4 |     3 |    12 |    13 ||    32
       Burn Spellbooks   |       |       |       |     3 ||     3
  Use: Scroll            |       |     7 |     4 |     3 ||    14
       Potion            |       |       |     1 |       ||     1
  Eat: Chunk             |     6 |     9 |    24 |    31 ||    70
       Fruit             |       |       |     1 |     1 ||     2
Armor: Animal skin       |    22 |       |       |       ||    22
       Chain mail        |       |   115 |   149 |   232 ||   496
Dodge: Dodged            |    88 |   109 |   150 |   322 ||   669
       Rpst.: Long sword |       |       |    11 |       ||    11
